 Dungeon Crawl Stone Soup version 0.28.0 (webtiles) character file.

Game seed: 14738283948679021674

72 hofbold the Poker (level 4, -2/35 HPs)
             Began as a Merfolk Gladiator on Feb 7, 2022.
             Slain by a gnoll sergeant (4 damage)
             ... on level 2 of the Dungeon.
             The game lasted 00:02:36 (2770 turns).

hofbold the Poker (Merfolk Gladiator)               Turns: 2770, Time: 00:02:37

Health: -2/35      AC:  4    Str: 14    XL:     4   Next: 25%
Magic:  4/4        EV: 13    Int:  9    God:
Gold:   49         SH:  0    Dex: 15    Spells: 3/3 levels left

rFire   . . .      SeeInvis .   a - +0 trident
rCold   . . .      Faith    .   (no shield)
rNeg    . . .      Spirit   .   b - +0 leather armour
rPois   .          Reflect  .   c - +0 helmet
rElec   .          Harm     .   (no cloak)
rCorr   .          Rampage  .   (no gloves)
Will    .....                   (no boots)
Stlth   +.........              (no amulet)
HPRegen 0.11/turn               (no ring)
MPRegen 0.09/turn               (no ring)

@: no status effects
A: (nimble swimmer 2), mertail
a: no special abilities


You were on level 2 of the Dungeon.
You visited 1 branch of the dungeon, and saw 2 of its levels.

You collected 49 gold pieces.

Inventory:

Hand Weapons
 a - a +0 trident (weapon)
Missiles
 d - 3 throwing nets (quivered)
Armour
 b - a +0 leather armour (worn)
 c - a +0 helmet (worn)
 g - a +0 ring mail
Scrolls
 e - a scroll of immolation {unknown}
 h - a scroll of identify {unknown}
 i - a scroll of holy word {unknown}
 l - a scroll of fog {unknown}
Potions
 f - 3 potions of curing {unknown}
 j - a potion of resistance {unknown}
 k - a potion of flight {unknown}


   Skills:
 + Level 3.3 Fighting
 + Level 5.5 Polearms
 - Level 2.0 Throwing
 + Level 5.0 Dodging


You had 3 spell levels left.
You didn't know any spells.
Your spell library contained the following spells:

 Spells                   Type           Power      Damage    Failure   Level
 Summon Small Mammal      Summ           0%         N/A       45%         1
 Call Canine Familiar     Summ           0%         N/A       83%         3
 Summon Guardian Golem    Hex/Summ       0%         N/A       83%         3


Dungeon Overview and Level Annotations

Branches:
Dungeon (2/15)

Altars:


Innate Abilities, Weirdness & Mutations

((You are very nimble when in or above water. (Stealth+, EV+, Speed+++)))
Your lower body shifts to a powerful aquatic tail in water.


Message History

The gnoll closely misses you.
You puncture the gnoll!
You kill the gnoll!
Your Dodging skill increases to level 5!
You see here a +0 whip.
You start resting.
HP restored.
There is a stone staircase leading down here.
You climb downwards.
There is a stone staircase leading up here.
You barely miss the gnoll sergeant.
The gnoll sergeant hits you with a +0 spear!
You hit the gnoll sergeant but do no damage.
The gnoll sergeant hits you but does no damage.
You hit the gnoll sergeant.
The gnoll sergeant is lightly wounded.
The gnoll sergeant hits you with a +0 spear.
You barely miss the gnoll sergeant.
The gnoll sergeant is lightly wounded.
The gnoll sergeant barely misses you.
You hit the gnoll sergeant.
The gnoll sergeant is moderately wounded.
The gnoll sergeant closely misses you.
You hit the gnoll sergeant.
The gnoll sergeant is heavily wounded.
The gnoll sergeant barely misses you.
You closely miss the gnoll sergeant.
The gnoll sergeant is heavily wounded.
The gnoll sergeant hits you with a +0 spear!
You hit the gnoll sergeant.
The gnoll sergeant is heavily wounded.
The gnoll sergeant hits you with a +0 spear!
* * * LOW HITPOINT WARNING * * *
You hit the gnoll sergeant but do no damage.
The gnoll sergeant is heavily wounded.
The gnoll sergeant misses you.
You hit the gnoll sergeant.
The gnoll sergeant is severely wounded.
The gnoll sergeant hits you with a +0 spear.
You die...

#.###.########.# #.# ### #<# #.#
#.# #.# #.# #.# #.# #.# #.# #.#
##.########### .#######.##
######.............
..........#####.@.....##########.
......###......g#####.# #. ...##
#.............#### #.
...##.###.####..##....>..# #.
#..##.....# #..##.#####.# #.
#..#####.## #..##.# #)#######.
...#####.#####..##.# #.........
#..................# #.#######.
##.###########.....#####.........


You could see a gnoll sergeant.

Vanquished Creatures
  A gnoll (D:1)
  An adder (D:2)
  4 worms (D:2)
  2 dart slugs
  3 endoplasms (D:1)
  A giant cockroach (D:2)
  3 goblins
  5 kobolds
  A quokka (D:2)
  7 ball pythons
  4 bats
  2 frilled lizards
  7 rats
41 creatures vanquished.

Notes
Turn   | Place    | Note
-------+----------+-------------------------------------------
     0 | D:1      | hofbold the Merfolk Gladiator began the quest for the Orb.
     0 | D:1      | Reached XP level 1. HP: 16/16 MP: 1/1
   384 | D:1      | Reached XP level 2. HP: 23/23 MP: 2/2
   627 | D:1      | Found a faded altar of an unknown god.
  1422 | D:2      | Reached skill level 5 in Polearms
  1422 | D:2      | Reached XP level 3. HP: 25/28 MP: 3/3
  1842 | D:2      | Reached XP level 4. HP: 35/35 MP: 4/4
  2296 | D:2      | Noticed a gnoll sergeant
  2299 | D:2      | Found the +8 woodcutter's axe {vorpal}
  2672 | D:1      | Reached skill level 5 in Dodging
  2770 | D:2      | Slain by a gnoll sergeant

Illustrated notes

Levels and vault maps discovered:
D:1:      lightli_arrival_lavapool, layout_basic,
          shapermc_ecumenical_altar_hornbeckon, dk_noncrumbling_2
D:2:      layout_loops_ring, pf_guarded_unrand_woodcutter

Skill      XL: |  1  2  3  4 |
---------------+-------------+-----
Polearms       | 5 |  5.5
Fighting       | 3 |  3.3
Dodging        | 5 |  5.0
Throwing       | |  2.0

Action                   |  1- 3 |  4- 6 || total
-------------------------+-------+-------++-------
Melee: Trident           |   125 |    28 ||   153
       Punch             |     1 |     1 ||     2
 Stab: Sleeping          |     3 |       ||     3
Armor: Leather armour    |    21 |     2 ||    23
Dodge: Dodged            |    64 |     8 ||    72
